 Dungeon Crawl Stone Soup version 0.29.0-10-g45618ea6d2 (webtiles) character file.

Game seed: 17106042288880174457

4210 SensoryNuts the Carver (level 10, -13/76 HPs)
             Began as a Demonspawn Fighter on Sept 1, 2022.
             Mangled by Maggie
             ... wielding a +2 broad axe of electrocution
              (20 damage)
             ... on level 8 of the Dungeon.
             The game lasted 00:09:41 (9046 turns).

SensoryNuts the Carver (Demonspawn Fighter)         Turns: 9046, Time: 00:09:43

Health: -13/76     AC: 12    Str: 17    XL:     10   Next: 8%
Magic:  10/10      EV:  9    Int: 10    God:
Gold:   444        SH:  5    Dex: 16    Spells: 9/9 levels left

rFire   . . .      SeeInvis .   a - +0 long sword
rCold   . . .      Faith    .   c - +0 buckler
rNeg    . . .      Spirit   .   i - +1 plate armour
rPois   .          Reflect  .   k - +0 helmet
rElec   .          Harm     .   v - +0 cloak
rCorr   .          Rampage  .   (gloves unavailable)
Will    .....                   (no boots)
Stlth   ..........              (no amulet)
HPRegen 0.22/turn               s - +4 ring of slaying
MPRegen 0.12/turn               b - +4 ring of evasion

@: silenced
A: hooves 2, spiny 1, weakness stinger 2, demonic touch 3, deformed body
a: no special abilities


You were on level 8 of the Dungeon.
You visited 2 branches of the dungeon, and saw 9 of its levels.

You collected 444 gold pieces.

Inventory:

Hand Weapons
 a - a +0 long sword (weapon)
Armour
 c - a +0 buckler (worn)
 i - a +1 plate armour (worn)
 k - a +0 helmet (worn)
 v - a +0 cloak (worn)
Jewellery
 b - a +4 ring of evasion (right hand)
 j - a ring of magical power
 l - a ring of magical power
 p - an amulet of faith
 s - a +4 ring of slaying (left hand)
 t - a ring of poison resistance
Wands
 d - a wand of light (10)
 n - a wand of iceblast (5)
 q - a wand of flame (18)
 z - a wand of mindburst (15)
Scrolls
 f - 2 scrolls of blinking
 g - 4 scrolls of magic mapping
 m - 3 scrolls of identify
 u - a scroll of silence
 x - a scroll of torment {unknown}
 y - 3 scrolls of teleportation
 A - 2 scrolls of enchant armour
Potions
 e - a potion of lignification
 h - a potion of degeneration
 w - 3 potions of attraction


   Skills:
 + Level 5.7 Fighting
 + Level 9.2 Long Blades
 + Level 8.0 Armour
 + Level 1.3 Dodging
 + Level 0.9 Stealth
 + Level 5.1 Shields


You had 9 spell levels left.
You didn't know any spells.
Your spell library contained the following spells:

 Spells                   Type           Power      Damage    Failure   Level
 Freeze                   Ice            0%         1d3       100%        1
 Slow                     Hex            0%         N/A       100%        1
 Ensorcelled Hibernation  Hex/Ice        0%         N/A       100%        2
 Passwall                 Tmut/Erth      0%         N/A       100%        2
 Confusing Touch          Hex            0%         N/A       100%        3
 Dazzling Flash           Conj/Hex       0%         N/A       100%        3
 Frozen Ramparts          Ice            0%         1d1       100%        3
 Gell's Gravitas          Tloc           0%         N/A       100%        3
 Swiftness                Air            0%         N/A       100%        3
 Teleport Other           Tloc           0%         N/A       100%        3
 Vampiric Draining        Necr           0%         2d6       100%        3
 Hailstorm                Conj/Ice       0%         3d3       100%        4
 Iskenderun's Mystic Bla  Conj/Tloc      0%         2d3       100%        4
 Dispersal                Tloc           0%         N/A       100%        6
 Starburst                Conj/Fire      0%         6d3       100%        6


Dungeon Overview and Level Annotations

Branches:
Dungeon (8/15)             Temple (1/1) D:7
   Lair: D:8-11

Altars:
Ashenzari
Cheibriados
Dithmenos
Fedhas
Gozag
Hepliaklqana
Kikubaaqudgha
Makhleb
Nemelex Xobeh
Okawaru
Qazlal
Ru
Sif Muna
Trog
Uskayaw
Wu Jian
Xom
Yredelemnul

Shops:
D:5 !?[   D:8 *

Annotations:
D:8 1 runed translucent door, Maggie


Innate Abilities, Weirdness & Mutations

You have hoof-like feet.
You are partially covered in sharp spines.
You have a tail ending in a sharp stinger.
Your touch may irresistibly damage your foes and sap their willpower.
Armour fits poorly on your strangely shaped body.


Message History

You are too injured to fight recklessly!
Unknown command.
You are too injured to fight recklessly!
It was a potion of mutation.
You feel extremely strange.
Your body twists and deforms.
Maggie hits you with a +2 broad axe of electrocution.
You are electrocuted!
* * * LOW HITPOINT WARNING * * *
The purple ugly thing pecks you!
* * * LOW HITPOINT WARNING * * *
Okay, then.
You feel better.
Maggie hits you with a +2 broad axe of electrocution.
* * * LOW HITPOINT WARNING * * *
The purple ugly thing is struck by your spines.
The purple ugly thing pecks you!
* * * LOW HITPOINT WARNING * * *
Unknown command.
Okay, then.
Blink to where?
Press: ? - help, Dir - move target You cannot blink away from Maggie!
Blink to where?
Press: ? - help, Dir - move target, f - you
Okay, then.
As you read the scroll of silence, it crumbles to dust.
A profound silence engulfs you.
You are no longer entranced.
Maggie barely misses you.
The purple ugly thing pecks you but does no damage.
Magic scrolls do not work when you're silenced!
You feel better. Maggie is struck by your spines.
Maggie hits you but does no damage.
You hit Maggie.
Maggie is heavily wounded.
Maggie is struck by your spines.
Maggie hits you with a +2 broad axe of electrocution.
* * * LOW HITPOINT WARNING * * *
You are electrocuted!!
You die...

#..# #.# #..###...####.#
##.####.#######.##...###,,#.#
##.................###*,,,#.#
##.####....##....###,,*,,,#.#
##..####......####,,,,***,#.#
###....#....###,,,,,*,,,*,#.#
..........###8.##*,,***,,,#.#
#####...###8..u@###*,,**,,#.#
#...###8....8#@.###****,#.#
#.###8....~..###..###*,,#.#
#.#,,,..~8..8#e###).###*#.#
#.#**8....~..#T..###..###.#
###.#####8....8#.....+.)..#.#
..#.#..####8...#...###).###.#
....#.#..####8.#[###.)###...#
....###....###*###..###...###
....##..##...###..###....##


You could see a purple ugly thing, Maggie, a deep elf pyromancer and a troll.

Vanquished Creatures
  7 yaks (D:8)
  Menkaure (D:7)
  A water moccasin (D:6)
  An acid dragon (D:8)
  2 black bears
  An orc warrior (D:8)
  2 ice beasts
  A sky beast (D:8)
  An ogre (D:5)
  A phantom (D:6)
  A gnoll sergeant (D:8)
  A kobold brigand (D:8)
  2 necrophages
  2 bullfrogs (D:8)
  4 scorpions
  6 wights
  2 howler monkeys (D:8)
  4 quasits (D:6)
  3 jellies (D:6)
  Crazy Yiuf (D:2)
  3 hounds (D:5)
  4 orc priests
  Ijyb (D:5)
  Jessica (D:2)
  4 iguanas
  10 orc wizards
  4 gnolls (D:8)
  9 adders
  6 white imps
  5 ufetubi
  2 worms (D:2)
  4 dart slugs
  14 orcs
  8 ball pythons
  9 bats
  2 endoplasms (D:2)
  7 giant cockroaches
  6 hobgoblins
  8 kobolds
  5 quokkas
  3 frilled lizards
  9 goblins
  9 rats
177 creatures vanquished.

Vanquished Creatures (others)
  3 demonic plants (D:6)
  7 plants (D:1)
10 creatures vanquished.

Grand Total: 187 creatures vanquished

Notes
Turn   | Place    | Note
-------+----------+-------------------------------------------
     0 | D:1      | SensoryNuts the Demonspawn Fighter began the quest for the
                  | Orb.
     0 | D:1      | Reached XP level 1. HP: 18/18 MP: 1/1
   120 | D:1      | Discovered your monstrous ancestry.
   120 | D:1      | Gained mutation: You have a small tail. [demonic ancestry]
   120 | D:1      | Reached XP level 2. HP: 8/24 MP: 2/2
   508 | D:1      | Reached skill level 2 in Long Blades
   824 | D:1      | Found a faded altar of an unknown god.
   973 | D:2      | Gained mutation: Your touch may inflict minor irresistible
                  | damage on your foes. [demonic ancestry]
   973 | D:2      | Reached XP level 3. HP: 29/29 MP: 3/3
  1388 | D:2      | Noticed Jessica
  1394 | D:2      | Killed Jessica
  1395 | D:2      | Gained mutation: You are partially covered in sharp spines.
                  | [demonic ancestry]
  1395 | D:2      | Reached XP level 4. HP: 26/36 MP: 4/4
  1498 | D:2      | Found a runed translucent door.
  1499 | D:2      | Noticed Crazy Yiuf
  1803 | D:2      | Reached skill level 3 in Long Blades
  2314 | D:2      | Killed Crazy Yiuf
  2315 | D:2      | Gained mutation: You have a tail ending in a sharp stinger.
                  | [demonic ancestry]
  2315 | D:2      | Reached XP level 5. HP: 16/42 MP: 5/5
  3359 | D:4      | Identified the +10 dagger of Xugru {distort, rF++ Int+4
                  | SInv}
  3375 | D:4      | Found a burning altar of Makhleb.
  3382 | D:4      | Found a basalt altar of Yredelemnul.
  3386 | D:4      | Found a hide-covered altar of Uskayaw.
  3387 | D:4      | Found a shimmering blue altar of Sif Muna.
  3802 | D:4      | Gained mutation: Your touch may inflict irresistible damage
                  | on your foes. [demonic ancestry]
  3802 | D:4      | Reached XP level 6. HP: 48/48 MP: 6/6
  3808 | D:4      | Reached skill level 4 in Long Blades
  4434 | D:5      | Entered Level 5 of the Dungeon
  4514 | D:5      | Noticed Ijyb
  4521 | D:5      | Killed Ijyb
  4523 | D:5      | HP: 1/48 [ogre/+0 giant club (13)]
  4526 | D:5      | Reached skill level 5 in Long Blades
  4526 | D:5      | Gained mutation: You have large cloven feet. [demonic
                  | ancestry]
  4526 | D:5      | Reached XP level 7. HP: 2/54 MP: 7/7
  4874 | D:5      | Found a hazy altar of Hepliaklqana.
  4894 | D:5      | Identified the +1 robe of Insurance {Contam rF+ Dex+3
                  | Stlth+}
  5093 | D:5      | Found Adghyts's Magic Scroll Emporium.
  5258 | D:5      | Found Ururad's Distillery.
  5633 | D:5      | Reached skill level 5 in Armour
  5793 | D:5      | Found Ergha's Armour Shoppe.
  6021 | D:6      | Reached skill level 6 in Long Blades
  6045 | D:6      | Gained mutation: You have hoof-like feet. [demonic
                  | ancestry]
  6045 | D:6      | Reached XP level 8. HP: 55/61 MP: 8/8
  6721 | D:6      | Reached skill level 7 in Long Blades
  7044 | D:7      | Reached skill level 5 in Fighting
  7110 | D:7      | Reached XP level 9. HP: 66/68 MP: 9/9
  7143 | D:7      | Identified the +3 leather armour "Vaorphakk" {Int+7}
  7297 | D:7      | Found a staircase to the Ecumenical Temple.
  7317 | Temple   | Entered the Ecumenical Temple
  7552 | D:7      | Noticed Menkaure
  7555 | D:7      | Killed Menkaure
  7853 | D:8      | Reached skill level 8 in Long Blades
  8653 | D:8      | Reached skill level 1 in Dodging
  8698 | D:8      | Found Vepnig's Assorted Antiques.
  8721 | D:8      | Reached skill level 5 in Shields
  8733 | D:8      | Reached skill level 9 in Long Blades
  8733 | D:8      | Gained mutation: Your touch may irresistibly damage your
                  | foes and sap their willpower. [demonic ancestry]
  8733 | D:8      | Reached XP level 10. HP: 43/76 MP: 10/10
  8932 | D:8      | Noticed a deep elf pyromancer
  8936 | D:8      | Found a runed translucent door.
  9035 | D:8      | Noticed Maggie
  9038 | D:8      | Noticed a purple ugly thing
  9041 | D:8      | Gained mutation: Armour fits poorly on your strangely
                  | shaped body. [potion of mutation]
  9042 | D:8      | HP: 1/76 [purple ugly thing (10)]
  9046 | D:8      | Mangled by Maggie

Illustrated notes

Levels and vault maps discovered:
D:1:      mrwooster_arrival_statue_2, layout_basic, serial_forest,
          infiniplex_forest_join, infiniplex_forest_clump_cross,
          infiniplex_forest_lined_corner, infiniplex_forest_straight_2,
          infiniplex_forest_clump_double, infiniplex_forest_clump_diagonal,
          infiniplex_forest_zigzag_1, infiniplex_forest_lined_room_3,
          infiniplex_forest_end_2, shapermc_ecumenical_altar_mp_vishouse,
          minmay_misc_feat_nine_boxes
D:2:      minmay_razor_zed, layout_loops_ring, grunt_decor_one_mirror,
          uniq_crazy_yiuf_cottage, uniq_jessica
D:3:      layout_basic, mainiacjoe_overflow_tiny_flanked, serial_bayou,
          serial_bayou_shore_b, serial_bayou_pond_b, serial_bayou_shore_a,
          serial_bayou_shore_b
D:4:      layout_basic, minitemple
D:5:      layout_layer_cave, mainiacjoe_overflow_chevrons, serial_shops, shop,
          shop, nicolae_shop_waterfront, uniq_ijyb
D:6:      layout_basic, serial_demonic, serial_demonic_a, serial_demonic_b,
          serial_demonic_a, serial_demonic_b, serial_demonic_a, serial_demonic_c
D:7:      layout_loops_cross, minmay_temple_entry_hall, uniq_menkaure
D:8:      minmay_the_grid_triangle_9x9_rhombus_thin
          [minmay_the_grid_triangle_9x9_subtriangle,
          minmay_the_grid_triangle_9x9_prize_schism,
          minmay_the_grid_triangle_9x9_semitri,
          minmay_the_grid_triangle_9x9_shrine], layout_rooms, serial_shops,
          nicolae_square_shop, uniq_maggie
Temple:   nicolae_temple_superstar

Skill      XL: |  1  2  3  4  5  6  7  8  9 10 |
---------------+-------------------------------+-----
Armour         | 3 4 5 6 7 8 |  8.0
Long Blades    | 2 3 5 6 7 9 |  9.2
Shields        | 3 4 5 |  5.1
Fighting       | 4 5 |  5.7
Dodging        | 1 |  1.3
Stealth        | |  0.9

Action                   |  1- 3 |  4- 6 |  7- 9 | 10-12 || total
-------------------------+-------+-------+-------+-------++-------
Melee: Long sword        |    98 |   118 |   212 |    18 ||   446
       Tailslap          |    12 |    14 |    28 |     2 ||    56
       Kick              |       |       |    67 |     5 ||    72
  Use: Potion            |       |     3 |     1 |     3 ||     7
       Scroll            |       |    12 |     8 |     1 ||    21
Armor: Scale mail        |    49 |    23 |       |       ||    72
       Plate armour      |       |    36 |   159 |     9 ||   204
Dodge: Dodged            |    41 |    24 |    51 |    10 ||   126
Block: Buckler           |    21 |    28 |    61 |     4 ||   114
